 Dungeon Crawl Stone Soup version 0.28-a0-1199-gef9e1dbd39 (webtiles) character file.

Game seed: 10071290441167638805

31 Crownlay the Digger (level 3, -4/19 HPs)
             Began as a Gargoyle Earth Elementalist on Dec 19, 2021.
             Slain by Crazy Yiuf (15 damage)
             ... on level 2 of the Dungeon.
             The game lasted 00:02:01 (1362 turns).

Crownlay the Digger (Gargoyle Earth Elementalist)   Turns: 1362, Time: 00:02:02

Health: -4/19      AC:  5    Str: 11    XL:     3   Next: 22%
Magic:  4/7        EV: 11    Int: 17    God:
Gold:   63         SH:  0    Dex: 10    Spells: 7/8 levels left

rFire   . . .      SeeInvis .   d - +2 hand axe (flame)
rCold   . . .      Faith    .   (no shield)
rNeg    + . .      Spirit   .   b - +0 robe
rPois   ∞          Reflect  .   (no helmet)
rElec   +          Harm     .   (no cloak)
rCorr   .          Rampage  .   (no gloves)
Will    .....                   (no boots)
Stlth   ++........              (no amulet)
HPRegen 0.06/turn               (no ring)
MPRegen 0.10/turn               (no ring)

@: no status effects
A: sickness immunity, AC +3, negative energy resistance 1, electricity
resistance, torment resistance 1, petrification resistance
a: no special abilities


You were on level 2 of the Dungeon.
You visited 1 branch of the dungeon, and saw 2 of its levels.

You collected 63 gold pieces.

Inventory:

Hand Weapons
 d - a +2 hand axe of flaming (weapon)
Missiles
 c - 5 stones
Armour
 a - a +0 kite shield
 b - a +0 robe (worn)
Wands
 h - a wand of paralysis (9)
Scrolls
 e - a scroll of noise {unknown}
 f - a scroll of teleportation {unknown}
Potions
 g - a potion of flight {unknown}


   Skills:
 - Level 1.5 Dodging
 - Level 2.1 Stealth
 * Level 3.0 Spellcasting
 - Level 0.7 Transmutations
 + Level 4.1 Earth Magic


You had 7 spell levels left.
You knew the following spells:

 Your Spells              Type           Power      Damage    Failure   Level
a - Sandblast             Erth           32%        2d9       3%          1

Your spell library contained the following spells:

 Spells                   Type           Power      Damage    Failure   Level
 Passwall                 Tmut/Erth      8%         N/A       10%         2
 Stone Arrow              Conj/Erth      18%        3d8       22%         3
 Petrify                  Tmut/Erth      10%        N/A       54%         4


Dungeon Overview and Level Annotations

Branches:
Dungeon (2/15)

Altars:

Shops:
D:2 :

Annotations:
D:2 Crazy Yiuf


Innate Abilities, Weirdness & Mutations

You are immune to sickness and miasma.
Your stone body is resilient. (AC +3)
You are immune to poison.
You resist negative energy. (rN+)
You are resistant to electric shocks. (rElec)
You are resistant to unholy torment.
You are immune to petrification.


Message History

You slash the frilled lizard! You burn the frilled lizard.
You kill the frilled lizard!
No target in view!
No target in view!
No target in view!
No target in view!
A bat comes into view.
A bat is nearby!
The helpless bat fails to defend itself.
You hit the bat but do no damage. The bat barely misses you.
The bat hits you but does no damage. The bat closely misses you.
You closely miss the bat. The bat hits you.
You closely miss the bat. The bat hits you but does no damage.
The bat hits you. The bat hits you but does no damage.
The bat barely misses you.
You hit the bat. You burn the bat.
You kill the bat!
No target in view!
No target in view!
No target in view!
No target in view!
You see here a +0 ring mail.
Found a stone staircase leading up.
No target in view!
Found three maces.
Found a runed translucent door.
Found a mace.
Crazy Yiuf shouts!
Crazy Yiuf laughs, "Castle ladder green!"
You see here a +0 mace.
You open the door.
The blast of sand hits Crazy Yiuf!
Crazy Yiuf is heavily wounded.
The blast of sand misses Crazy Yiuf.
Crazy Yiuf hits you with a +4 quarterstaff of chaos.
Crazy Yiuf freezes you.
The blast of sand misses Crazy Yiuf.
Crazy Yiuf hits you with a +4 quarterstaff of chaos!
Ouch! That really hurt!
You die...

##### #)..#
#...# .)) #g#
#@## ##.# #.##
##.# ##.##
##P..# #PP.P#
### #+..+#
...####....####


You could see Crazy Yiuf.

Vanquished Creatures
  An adder (D:2)
  A worm (D:2)
  2 endoplasms
  2 giant cockroaches (D:1)
  3 hobgoblins
  A quokka (D:1)
  3 ball pythons
  3 bats (D:2)
  2 frilled lizards
  A rat (D:2)
19 creatures vanquished.

Notes
Turn   | Place    | Note
-------+----------+-------------------------------------------
     0 | D:1      | Crownlay the Gargoyle Earth Elementalist began the quest
                  | for the Orb.
     0 | D:1      | Reached XP level 1. HP: 10/10 MP: 3/3
   234 | D:1      | Found a faded altar of an unknown god.
   331 | D:1      | Reached XP level 2. HP: 15/15 MP: 3/5
   796 | D:2      | Reached skill level 4 in Earth Magic
   893 | D:2      | Reached XP level 3. HP: 18/19 MP: 7/7
  1181 | D:2      | Found Jitt's Book Emporium.
  1355 | D:2      | Found a runed translucent door.
  1356 | D:2      | Noticed Crazy Yiuf
  1362 | D:2      | Slain by Crazy Yiuf

Illustrated notes

Levels and vault maps discovered:
D:1:      scummos_arrival_checkerplants, layout_basic,
          ebering_ecumenical_altar_sacrificial, minivault_23
D:2:      layout_loops_cross, serial_shops, nicolae_shop_crystal,
          uniq_crazy_yiuf_cottage

Skill      XL: |  1  2  3 |
---------------+----------+-----
Earth Magic    | 4 |  4.1
Spellcasting   | 3 |  3.0
Dodging        | |  1.5
Stealth        | |  2.1
Transmutations | |  0.7

Action                   || total
-------------------------++-------
Melee: Hand axe          ||    15
 Cast: Sandblast         ||    25
 Stab: Sleeping          ||     2
Armor: Robe              ||     6
Dodge: Dodged            ||    12

Table legend: (Time is in decaauts)
 A = Elapsed time spent in this place.
 B = Non-inter-level travel time spent in this place.
 C = Inter-level travel time spent in this place.
 D = Time resting spent in this place.
 E = Time spent auto-exploring this place.
 F = Levels seen in this place.
 G = Mean time per level.
                   A        B        C        D        E       F      G
               +--------+--------+--------+--------+--------+-----+--------+
         Total |   1365 |   1354 |     11 |      0 |   1211 |   2 |  682.5 |
       Dungeon |   1365 |   1354 |     11 |      0 |   1211 |   2 |  682.5 |
               +--------+--------+--------+--------+--------+-----+--------+

Top non-repeatable levels by time:
     D:1: 749 daAuts
     D:2: 616 daAuts
